 Dungeon Crawl Stone Soup version 0.26.1-11-gd32895ea62 (webtiles) character file.

Game seed: 14932305901479362039

123 Almogavar the Conjurer (level 4, -1/24 HPs)
             Began as a Deep Elf Conjurer on May 24, 2021.
             Slain by a wight
             ... wielding a +5 falchion of freezing
              (8 damage)
             ... on level 3 of the Dungeon.
             The game lasted 00:05:39 (2674 turns).

Almogavar the Conjurer (Deep Elf Conjurer)          Turns: 2674, Time: 00:05:40

Health: -1/24      AC:  3    Str:  4    XL:     4   Next: 80%
Magic:  2/12       EV: 13    Int: 24    God:
Gold:   87         SH:  0    Dex: 13    Spells: 8/11 levels left

rFire    . . .     SeeInvis .   (no weapon)
rCold    . . .     Faith    .   (no shield)
rNeg     . . .     Spirit   .   a - +0 robe
rPois    .         Reflect  .   (no helmet)
rElec    .         Harm     .   m - +0 cloak
rCorr    .         Rampage  .   (no gloves)
Will     .....                  (no boots)
Stlth    ++........             (no amulet)
HPRegen  0.08/turn              (no ring)
MPRegen  0.13/turn              (no ring)

@: no status effects
A: no striking features
a: no special abilities


You were on level 3 of the Dungeon.
You visited 1 branch of the dungeon, and saw 3 of its levels.

You collected 87 gold pieces.

Inventory:

Hand Weapons
 c - a +0 dagger
Armour
 a - a +0 robe (worn)
 j - a +0 leather armour
 m - a +0 cloak (worn)
Wands
 n - a wand of paralysis (18)
Scrolls
 e - a scroll of magic mapping {unknown}
 i - a scroll of remove curse
 l - a scroll of immolation {unknown}
Potions
 b - 2 potions of curing
 d - a potion of magic {unknown}
 f - 3 potions of berserk rage {unknown}
 g - 2 potions of degeneration {unknown}
 h - a potion of resistance {unknown}
 k - a potion of lignification {unknown}
 o - a potion of heal wounds {unknown}


   Skills:
 + Level 2.6 Dodging
 + Level 2.7 Stealth
 + Level 4.0 Spellcasting
 + Level 6.2 Conjurations


You had 8 spell levels left.
You knew the following spells:

 Your Spells              Type           Power        Failure   Level
a - Magic Dart            Conj           100%         1%          1
b - Searing Ray           Conj           68%          1%          2

Your spell library contained the following spells:

 Spells                   Type           Power        Failure   Level
 Dazzling Flash           Conj/Hex       38%          9%          3
 Fulminant Prism          Conj/Hex       9%           26%         4
 Iskenderun's Mystic Bla  Conj/Tloc      19%          26%         4


Dungeon Overview and Level Annotations

Branches:
Dungeon (3/15)

Altars:


Message History

The searing ray hits the wight.
The wight is almost destroyed.
You finish channeling your searing ray.
Casting: Searing Ray (safe; 1% risk of failure)
Confirm with . or Enter, or press ? or * to list all spells.
Aiming: Searing Ray (safe; 1% risk of failure)
Press: ? - help, Shift-Dir - straight line, f - wight, p - wight
Aim: a wight, wielding a +5 falchion of freezing and wearing a cursed +0 robe (19% to evade)
The searing ray hits the wight.
You destroy the wight!
The searing ray hits the wight!
The wight is heavily damaged. (Press . to maintain the ray.)
Your Spellcasting skill increases to level 4!
Your Conjurations skill increases to level 6!
The searing ray misses the wight.
The searing ray hits the wight.
The wight is severely damaged.
The wight hits you with a +5 falchion of freezing!
You die...

# ...####.>.. #.
#.#...... S
z##.##......##...
................o
?z.....?.......#
b...z....####..#
.###.#.## #.. # .. #z#
#.# .)..###@######.#
#.......(...##.#
#.#.........##.#
#.........#..#
.....<######..## ..
.####........#######...
########..............
....#####.####........
#....##......####.##


You could see a wight.

Vanquished Creatures
  A wight (D:3)
  3 adders (D:2)
  An ooze (D:1)
  2 worms (D:2)
  A dart slug (D:1)
  2 leopard geckos
  A giant cockroach (D:1)
  6 goblins
  7 hobgoblins
  2 jackals (D:2)
  A quokka (D:2)
  3 bats
  4 frilled lizards
  3 kobolds
  6 rats
43 creatures vanquished.

Notes
Turn   | Place    | Note
-------+----------+-------------------------------------------
     0 | D:1      | Almogavar the Deep Elf Conjurer began the quest for the
                  | Orb.
     0 | D:1      | Reached XP level 1. HP: 10/10 MP: 6/6
   427 | D:1      | Reached XP level 2. HP: 10/15 MP: 4/8
   430 | D:1      | Learned a level 2 spell: Searing Ray
   591 | D:1      | Reached skill level 5 in Conjurations
  1610 | D:2      | Reached XP level 3. HP: 19/19 MP: 5/9
  2110 | D:2      | Reached XP level 4. HP: 24/24 MP: 7/11
  2673 | D:3      | Reached skill level 6 in Conjurations
  2674 | D:3      | Slain by a wight

Illustrated notes

Levels and vault maps discovered:
D:1:      minmay_arrival_wavy_path, layout_basic, minmay_hedge_maze
D:2:      layout_loops_ring, minivault_4, kennysheep_generic_room_5
D:3:      gammafunk_steamed_eel, layout_rooms, uniq_ijyb

Skill      XL: |  1  2  3  4 |
---------------+-------------+-----
Conjurations   | 5 6 |  6.2
Spellcasting   | 4 |  4.0
Dodging        | |  2.6
Stealth        | |  2.7

Action                   |  1- 3 |  4- 6 || total
-------------------------+-------+-------++-------
 Cast: Magic Dart        |    53 |    14 ||    67
       Searing Ray       |     6 |     4 ||    10
  Use: Scroll            |     3 |       ||     3
Dodge: Dodged            |     1 |     1 ||     2
